 Dungeon Crawl Stone Soup version 0.26-a0-667-g92642533e4 (webtiles) character file.

Game seed: 634739207977332806

56 Kinoniko the Chopper (level 3, 0/33 HPs)
             Began as a Minotaur Berserker on Oct 16, 2020.
             Was a Follower of Trog.
             Succumbed to a goblin's poison
             ... on level 2 of the Dungeon.
             The game lasted 00:02:06 (1239 turns).

Kinoniko the Chopper (Minotaur Berserker)           Turns: 1239, Time: 00:02:07

Health: 0/33       AC:  5    Str: 21    XL:     3   Next: 71%
Magic:  2/2        EV: 11    Int:  5    God:    Trog [*.....]
Gold:   65         SH:  5    Dex:  9    Spells: 2/2 levels left

rFire    . . .     SeeInvis .   a - +0 hand axe
rCold    . . .     Faith    .   (no shield)
rNeg     . . .     Spirit   .   g - +0 ring mail
rPois    .         Reflect  +   (helmet restricted)
rElec    .         Harm     .   (no cloak)
rCorr    .         Rampage  .   (no gloves)
MR       .....                  (no boots)
Stlth    ..........             i - amulet of reflection
HPRegen  0.11/turn              (no ring)
MPRegen  0.08/turn              (no ring)

@: mighty, lethally poisoned (0 -> -1), very slightly contaminated, invisible
(expiring)
A: retaliatory headbutt, horns 2
a: Berserk, Renounce Religion


You were on level 2 of the Dungeon.
You worshipped Trog.
Trog was aware of your devotion.
You visited 1 branch of the dungeon, and saw 2 of its levels.

You collected 65 gold pieces.

Inventory:

Hand Weapons
 a - a +0 hand axe (weapon)
Armour
 b - a +0 animal skin
 g - a +0 ring mail (worn)
Jewellery
 i - an amulet of reflection (around neck)
Scrolls
 e - 2 scrolls of enchant weapon {unknown}
 f - 2 scrolls of identify {unknown}
 h - 3 scrolls of teleportation {unknown}
 l - a scroll of remove curse {unknown}
 m - 2 scrolls of immolation {unknown}
Potions
 c - a potion of ambrosia


   Skills:
 - Level 4.0 Fighting
 * Level 5.2 Axes
 - Level 2.6 Armour
 - Level 2.3 Dodging


You had 2 spell levels left.
You didn't know any spells.
Your spell library was empty.

Dungeon Overview and Level Annotations

Branches:
Dungeon (2/15)

Altars:


Innate Abilities, Weirdness & Mutations

You reflexively headbutt those who attack you in melee.
You have a pair of horns on your head.


Message History

* * * LOW HITPOINT WARNING * * *
You feel sick.
* * * LOW HITPOINT WARNING * * *
You feel sick.
* * * LOW HITPOINT WARNING * * *
You feel sick.
* * * LOW HITPOINT WARNING * * *
You feel sick.
You recover from your berserk rage.
* * * LOW HITPOINT WARNING * * *
You feel sick.
* * * LOW HITPOINT WARNING * * *
You feel sick.
* * * LOW HITPOINT WARNING * * *
You feel sick.
You feel a little less clever now.
You flicker for a moment.
* * * LOW HITPOINT WARNING * * *
You feel sick.
You die...

## ### ##.## ..
...## .. .... #.
...##### #.
#.#....(
#.#####....####
###)@(((.)†#.....
........####(...#
##......# #.#.##
#####..# #.# #
#..# #.#
###..####.##
..##..........#
........####..#
.....##.# #..#


There were no monsters in sight!

Vanquished Creatures
  2 adders (D:2)
  An ooze (D:2)
  3 dart slugs
  2 leopard geckos
  4 goblins
  5 hobgoblins
  6 kobolds
  2 bats
  A rat (D:2)
26 creatures vanquished.

Notes
Turn   | Place    | Note
-------+----------+-------------------------------------------
     0 | D:1      | Kinoniko the Minotaur Berserker began the quest for the
                  | Orb.
     0 | D:1      | Reached XP level 1. HP: 19/19 MP: 0/0
   178 | D:1      | Reached XP level 2. HP: 25/27 MP: 1/1
   250 | D:1      | Reached skill level 4 in Axes
   789 | D:2      | Reached XP level 3. HP: 20/33 MP: 2/2
  1098 | D:2      | Reached skill level 5 in Axes
  1231 | D:2      | HP: 1/33 [poisoned by a goblin]
  1239 | D:2      | Succumbed to a goblin's poison

Illustrated notes

Levels and vault maps discovered:
D:1:      mrwooster_arrival_statue_2, layout_loops_ring
D:2:      layout_loops_ring, kennysheep_small_spiral

Skill      XL: |  1  2  3 |
---------------+----------+-----
Fighting       | 4 |  4.0
Axes           | 4 5 |  5.2
Armour         | |  2.6
Dodging        | |  2.3

Action                   || total
-------------------------++-------
Melee: Hand axe          ||    54
       Headbutt          ||     9
Invok: Berserk           ||     2
  Use: Potion            ||     4
Armor: Animal skin       ||     1
       Ring mail         ||    10
Dodge: Dodged            ||    27
Block: Other             ||    10
       Reflection        ||     2

Table legend: (Time is in decaauts)
 A = Elapsed time spent in this place.
 B = Non-inter-level travel time spent in this place.
 C = Inter-level travel time spent in this place.
 D = Time resting spent in this place.
 E = Time spent auto-exploring this place.
 F = Levels seen in this place.
 G = Mean time per level.
                   A        B        C        D        E       F      G
               +--------+--------+--------+--------+--------+-----+--------+
         Total |   1263 |   1239 |     24 |    358 |    658 |   2 |  631.5 |
       Dungeon |   1263 |   1239 |     24 |    358 |    658 |   2 |  631.5 |
               +--------+--------+--------+--------+--------+-----+--------+

Top non-repeatable levels by time:
     D:1: 736 daAuts
     D:2: 526 daAuts
